 Dungeon Crawl Stone Soup version 0.26.1-11-gd32895ea62 (webtiles) character file.

Game seed: 921191694811090215

880 Almogavar the Conjurer (level 7, -9/51 HPs)
             Began as a Pale Draconian Conjurer on May 29, 2021.
             Mangled by a two-headed ogre
             ... wielding a +0 giant club
              (23 damage)
             ... on level 5 of the Dungeon.
             The game lasted 00:18:59 (5054 turns).

Almogavar the Conjurer (Pale Draconian Conjurer)    Turns: 5054, Time: 00:19:01

Health: -9/51      AC:  9    Str: 10    XL:     7   Next: 75%
Magic:  4/13       EV: 12    Int: 20    God:
Gold:   339        SH:  0    Dex:  9    Spells: 8/15 levels left

rFire    . . .     SeeInvis .   r - +2 quarterstaff (chaos)
rCold    . . .     Faith    .   (shield currently unavailable)
rNeg     . . .     Spirit   .   (armour unavailable)
rPois    .         Reflect  .   (helmet restricted)
rElec    .         Harm     .   q - +1 cloak
rCorr    +         Rampage  .   (no gloves)
Will     .....                  k - +0 pair of boots
Stlth    ++........             a - amulet of regeneration
HPRegen  0.57/turn              e - ring of resist corrosion
MPRegen  0.13/turn              f - ring of wizardry

@: short of breath
A: breathe steam, unfitting armour, cold-blooded, AC +6
a: Breathe Steam


You were on level 5 of the Dungeon.
You visited 1 branch of the dungeon, and saw 5 of its levels.

You collected 339 gold pieces.

Inventory:

Hand Weapons
 d - a +3 short sword
 r - a +2 quarterstaff of chaos (weapon)
Armour
 k - a +0 pair of boots (worn)
 q - a +1 cloak (worn)
Magical Staves
 o - an uncursed staff of cold
Jewellery
 a - an amulet of regeneration (around neck)
 e - a ring of resist corrosion (left hand)
 f - a ring of wizardry (right hand)
Wands
 g - a wand of random effects (16)
 u - a wand of polymorph (9)
Scrolls
 h - 3 scrolls of amnesia
 i - a scroll of remove curse
 l - a scroll of teleportation {unknown}
 p - a scroll of blinking {unknown}
 v - a scroll of fog {unknown}
 w - a scroll of immolation {unknown}
Potions
 b - a potion of heal wounds
 c - a potion of berserk rage {unknown}
 j - 2 potions of brilliance
 m - a potion of haste {unknown}
 n - a potion of flight {unknown}
 s - a potion of lignification {unknown}
 t - a potion of degeneration {unknown}
 x - a potion of curing {unknown}


   Skills:
 + Level 0.9 Fighting
 - Level 0.5 Short Blades
 + Level 0.4 Staves
 + Level 2.6 Dodging
 + Level 3.6 Stealth
 + Level 4.6 Spellcasting
 + Level 6.8 Conjurations
 * Level 2.2 Translocations


You had 8 spell levels left.
You knew the following spells:

 Your Spells              Type           Power        Failure   Level
a - Magic Dart            Conj           100%         1%          1
b - Searing Ray           Conj           62%          1%          2
c - Iskenderun's Mystic   Conj/Tloc      22%          8%          4

Your spell library contained the following spells:

 Spells                   Type           Power        Failure   Level
 Dazzling Flash           Conj/Hex       36%          3%          3
 Fulminant Prism          Conj/Hex       9%           12%         4


Dungeon Overview and Level Annotations

Branches:
Dungeon (5/15)             Temple (0/1) D:5

Altars:
Elyvilon
Makhleb
Ru
Zin

Shops:
D:4 (   D:5 *

Annotations:
D:4 2 transporters


Innate Abilities, Weirdness & Mutations

You can breathe blasts of scalding, opaque steam.
Your pale cyan-grey scales are hard. (AC +6)
You cannot fit into any form of body armour.
You are cold-blooded and may be slowed by cold attacks.


Message History

The searing ray hits the two-headed ogre!
The two-headed ogre is severely wounded.
The two-headed ogre is engulfed in a cloud of scalding steam.
Casting: Searing Ray (safe; 1% risk of failure)
Confirm with . or Enter, or press ? or * to list all spells.
Aiming: Searing Ray (safe; 1% risk of failure)
Press: ? - help, Shift-Dir - straight line, f/p - two-headed ogre
Aim: a two-headed ogre, wielding a +0 giant club and a +0 giant spiked club (severely wounded, 10% to evade)
The searing ray hits the two-headed ogre!
The two-headed ogre is almost dead. (Press . to maintain the ray.)
The two-headed ogre barely misses you.
The two-headed ogre hits you with a +0 giant spiked club.
The searing ray hits the two-headed ogre.
The two-headed ogre is almost dead.
The two-headed ogre hits you with a +0 giant club!!
Ouch! That really hurt!
* * * LOW HITPOINT WARNING * * *
The two-headed ogre hits you with a +0 giant spiked club!!
You die...

..#..#....##.........###
..#........#............
........................
.............≈≈≈≈≈......
...........≈≈≈≈≈≈≈≈≈....
.........≈≈≈≈≈≈≈≈≈≈≈≈≈..
........≈≈≈≈≈≈...≈≈≈≈≈≈.
........≈≈≈≈≈≈.>.≈≈≈≈≈≈.
.......@≈≈≈≈≈≈...≈≈≈≈≈≈.
.......O≈≈≈≈≈≈≈.≈≈≈≈≈≈≈.
...#.....≈≈≈≈≈≈.≈≈≈≈≈≈..
.. #<......≈≈≈≈.≈≈≈≈....
. ##........≈≈. ......
........... ......
............ ##....
............. #...)
...#.>


You could see a two-headed ogre.

Vanquished Creatures
  Grinder (D:5)
  An ice beast (D:5)
  A sky beast (D:5)
  An ogre (D:4)
  A howler monkey (D:5)
  2 hounds
  Crazy Yiuf (D:4)
  A bullfrog skeleton (D:4)
  2 iguanas
  A worker ant (D:4)
  5 gnolls
  4 adders
  3 oozes
  An adder skeleton (D:4)
  A worm (D:3)
  5 orcs
  A ball python (D:3)
  10 giant cockroaches
  8 goblins
  4 hobgoblins
  6 jackals
  2 quokkas (D:2)
  7 bats
  7 frilled lizards
  A jackal zombie (D:5)
  6 kobolds
  A leopard gecko skeleton (D:4)
  7 rats
91 creatures vanquished.

Notes
Turn   | Place    | Note
-------+----------+-------------------------------------------
     0 | D:1      | Almogavar the Draconian Conjurer began the quest for the
                  | Orb.
     0 | D:1      | Reached XP level 1. HP: 14/14 MP: 3/3
   540 | D:2      | Reached XP level 2. HP: 20/20 MP: 0/5
   592 | D:2      | Learned a level 2 spell: Searing Ray
   751 | D:2      | Reached XP level 3. HP: 26/26 MP: 2/6
   821 | D:2      | Found a sacrificial altar of Ru.
  1499 | D:2      | Reached skill level 5 in Conjurations
  1547 | D:2      | Found a glowing silver altar of Zin.
  1691 | D:3      | Reached XP level 4. HP: 33/33 MP: 4/7
  2129 | D:3      | Found a white marble altar of Elyvilon.
  2229 | D:3      | Learned a level 4 spell: Iskenderun's Mystic Blast
  2329 | D:3      | Found a burning altar of Makhleb.
  2740 | D:4      | Reached XP level 5. HP: 38/38 MP: 4/9
  2870 | D:4      | Noticed a kobold demonologist
  2875 | D:4      | Found a transporter.
  2883 | D:4      | Found a transporter.
  2899 | D:4      | Noticed an ogre
  2903 | D:4      | Killed an ogre
  2904 | D:4      | Reached XP level 6. HP: 46/46 MP: 5/11
  2975 | D:4      | Reached skill level 6 in Conjurations
  3063 | D:4      | Found Setiocve's Weapon Shoppe.
  3199 | D:4      | Found a runed translucent door.
  3200 | D:4      | Noticed Crazy Yiuf
  3564 | D:4      | Killed Crazy Yiuf
  4472 | D:5      | Entered Level 5 of the Dungeon
  4472 | D:5      | Noticed Grinder
  4482 | D:5      | Killed Grinder
  4483 | D:5      | Reached skill level 1 in Translocations
  4483 | D:5      | Your scales start taking on a pale cyan-grey colour.
  4483 | D:5      | Reached XP level 7. HP: 51/51 MP: 3/13
  5010 | D:5      | Found Reixacvigehi's General Store.
  5038 | D:5      | Found a staircase to the Ecumenical Temple.
  5047 | D:5      | Noticed a two-headed ogre
  5054 | D:5      | Mangled by a two-headed ogre

Illustrated notes

Levels and vault maps discovered:
D:1:      dpeg_cavernosity, layout_loops_ring
D:2:      layout_rooms, nicolae_ru_awakened_eye, marbit_many_paths,
          minmay_worlds_worst_comb
D:3:      layout_loops_ring, makhleb_heckhound_becter, elyvilon_altar_5
D:4:      gammafunk_wand_slinger, layout_rooms, serial_shops, kennysheep_mini,
          uniq_crazy_yiuf_cottage
D:5:      cheibrodos_helix_gallery, layout_cave_pools, temple_pool_b,
          serial_shops, kennysheep_little_box, uniq_grinder

Skill      XL: |  1  2  3  4  5  6  7 |
---------------+----------------------+-----
Stealth        | 2 3 |  3.6
Conjurations   | 5 6 |  6.8
Dodging        | 2 |  2.6
Spellcasting   | 3 4 |  4.6
Translocations | 1 2 |  2.2
Fighting       | |  0.9
Short Blades   | |  0.5
Staves         | |  0.4

Action                   |  1- 3 |  4- 6 |  7- 9 || total
-------------------------+-------+-------+-------++-------
Melee: Unarmed           |    10 |       |       ||    10
       Short sword       |     3 |    13 |       ||    16
       Tailslap          |       |     1 |       ||     1
       Quarterstaff      |       |     4 |     1 ||     5
 Cast: Magic Dart        |    35 |    25 |     9 ||    69
       Searing Ray       |    11 |    29 |    14 ||    54
 Abil: Breathe Steam     |       |       |     3 ||     3
  Use: Scroll            |       |     5 |       ||     5
 Stab: Sleeping          |       |     1 |       ||     1
Armor: Skin              |     7 |     6 |     3 ||    16
Dodge: Dodged            |    15 |    21 |     8 ||    44
